ATL
ROAD WARRIORS @ LANCASTER BARNSTORMERS
06/01/2072
 
TOP OF THE 1ST
High Point Rockers batting - Pitching for Road Warriors : LHP Willie Vela
Pitching: LHP Willie Vela
Batting: LHB Steve Ozanich 0-0: Ball
1-0: Ball
2-0: Fly out, F7 (Line Drive, 7, EV 98.8 MPH)
Batting: LHB Javy Montejano 0-0: Ball
1-0: SINGLE (Groundball, 34D, EV 104.4 MPH)
Batting: RHB Raul Serrano 0-0: Ball
1-0: Called Strike
1-1: Ball
2-1: Swinging Strike
2-2: Foul Ball, location: 2F
2-2: Ball
3-2: Strikes out swinging
Batting: RHB Gustavo Quintanilla 0-0: Called Strike
0-1: Foul Ball, location: 2F
0-2: Ball
1-2: Foul Ball, location: 2F
1-2: Ball
2-2: Foul Ball, location: 2F
2-2: Fly out, F8 (Flyball, 8LD, EV 91.2 MPH)
Top of the 1st over - 0 runs, 1 hit, 0 errors, 1 left on base; High Point 0 - Road 0
BOTTOM OF THE 1ST
Road Warriors batting - Pitching for High Point Rockers : RHP Colin Parks
Pitching: RHP Colin Parks
Batting: RHB Robert Pawley 0-0: Ball
1-0: Ground out U3 (Groundball, 3S, EV 61.9 MPH)
Batting: RHB Jonathan Banks 0-0: Fly out, F7 (Flyball, 78M, EV 76.2 MPH)
Batting: RHB Bernardo Ferros 0-0: Ball
1-0: Called Strike
1-1: Swinging Strike
1-2: Ground out 4-3 (Groundball, 34, EV 97.5 MPH)
Bottom of the 1st over - 0 runs, 0 hits, 0 errors, 0 left on base; High Point 0 - Road 0
TOP OF THE 2ND
High Point Rockers batting - Pitching for Road Warriors : LHP Willie Vela
Batting: RHB Greg Kast 0-0: Ball
1-0: Ball
2-0: Fly out, F9 (Flyball, 9D, EV 90.0 MPH)
Batting: LHB Bill Aubrey 0-0: Ball
1-0: Foul Ball, location: 2F
1-1: Foul Ball, location: 2F
1-2: Ball
2-2: Foul Ball, location: 2F
2-2: Strikes out swinging
Batting: RHB Joe McCoy 0-0: Ground out 5-3 (Groundball, 5S, EV 88.8 MPH)
Top of the 2nd over - 0 runs, 0 hits, 0 errors, 0 left on base; High Point 0 - Road 0
BOTTOM OF THE 2ND
Road Warriors batting - Pitching for High Point Rockers : RHP Colin Parks
Batting: RHB Kenny Howard 0-0: Swinging Strike
0-1: Ball
1-1: Called Strike
1-2: Strikes out looking
Batting: RHB Justin Moore 0-0: Ball
1-0: Fly out, F8 (Flyball, 8RXD, EV 90.0 MPH)
Batting: LHB Gustavo Velazquez 0-0: Ball
1-0: Fly out, F6 (Popup, 6D, EV 55.0 MPH)
Bottom of the 2nd over - 0 runs, 0 hits, 0 errors, 0 left on base; High Point 0 - Road 0
TOP OF THE 3RD
High Point Rockers batting - Pitching for Road Warriors : LHP Willie Vela
Batting: RHB Salvador Lopez 0-0: Swinging Strike
0-1: Ball
1-1: Ball
2-1: Fly out, F4 (Popup, 34S, EV 75.6 MPH)
Batting: LHB Tony Huerta 0-0: Called Strike
0-1: Ball
1-1: Foul Ball, location: 2F
1-2: Foul Ball, location: 2F
1-2: Ball
2-2: Ground out U3 (Groundball, 34, EV 101.2 MPH)
Batting: LHB Steve Ozanich 0-0: Foul Ball, location: 2F
0-1: Swinging Strike
0-2: Ball
1-2: Ball
2-2: Foul Ball, location: 2F
2-2: Ground out 3-1 (Groundball, 34, EV 86.2 MPH)
Top of the 3rd over - 0 runs, 0 hits, 0 errors, 0 left on base; High Point 0 - Road 0
BOTTOM OF THE 3RD
Road Warriors batting - Pitching for High Point Rockers : RHP Colin Parks
Batting: RHB William Ortiz 0-0: Foul Ball, location: 2F
0-1: Called Strike
0-2: Ball
1-2: Strikes out looking
Batting: RHB Cory Alongi 0-0: Called Strike
0-1: Ground out 5-3 (Groundball, 56S, EV 86.2 MPH)
Batting: RHB Juan Acosta 0-0: Ball
1-0: Ball
2-0: Ground out 6-3 (Groundball, 6, EV 109.4 MPH)
Bottom of the 3rd over - 0 runs, 0 hits, 0 errors, 0 left on base; High Point 0 - Road 0
TOP OF THE 4TH
High Point Rockers batting - Pitching for Road Warriors : LHP Willie Vela
Batting: LHB Javy Montejano 0-0: Ground out 4-3 (Groundball, 4S, EV 86.9 MPH)
Batting: RHB Raul Serrano 0-0: Ball
1-0: Foul Ball, location: 2F
1-1: Called Strike
1-2: Strikes out looking
Batting: RHB Gustavo Quintanilla 0-0: Called Strike
0-1: Ball
1-1: Foul Ball, location: 2F
1-2: Strikes out swinging
Top of the 4th over - 0 runs, 0 hits, 0 errors, 0 left on base; High Point 0 - Road 0
BOTTOM OF THE 4TH
Road Warriors batting - Pitching for High Point Rockers : RHP Colin Parks
Batting: RHB Robert Pawley 0-0: Ball
1-0: Fly out, F9 (Flyball, 89D, EV 90.6 MPH)
Batting: RHB Jonathan Banks 0-0: Called Strike
0-1: Ball
1-1: Fly out, F4 (Popup, 34S, EV 82.5 MPH)
Batting: RHB Bernardo Ferros 0-0: Called Strike
0-1: Ball
1-1: Ball
2-1: Ball
3-1: Base on Balls
Batting: RHB Kenny Howard 0-0: Called Strike
Bernardo Ferros steals 2nd base
0-1: Foul Ball, location: 2F
0-2: Fly out, F5 (Line Drive, 5, EV 65.6 MPH)
Bottom of the 4th over - 0 runs, 0 hits, 0 errors, 1 left on base; High Point 0 - Road 0
TOP OF THE 5TH
High Point Rockers batting - Pitching for Road Warriors : LHP Willie Vela
Batting: RHB Greg Kast 0-0: Ball
1-0: Foul Ball, location: 2F
1-1: Called Strike
1-2: Strikes out swinging
Batting: LHB Bill Aubrey 0-0: Called Strike
0-1: Ball
1-1: Swinging Strike
1-2: Ball
2-2: Foul Ball, location: 2F
2-2: Ball
3-2: DOUBLE (Flyball, 8RXD, EV 102.5 MPH)
Batting: RHB Joe McCoy 0-0: Ball
1-0: Foul Ball, location: 2F
1-1: Called Strike
1-2: Ball
2-2: Foul Ball, location: 2F
2-2: Fly out, F9 (Flyball, 9LS, EV 88.8 MPH)
Batting: RHB Salvador Lopez 0-0: Called Strike
0-1: Foul Ball, location: 2F
0-2: Ball
1-2: Ball
2-2: Foul Ball, location: 2F
2-2: Foul Ball, location: 2F
2-2: Ground out 3-1 (Groundball, 34, EV 81.9 MPH)
Top of the 5th over - 0 runs, 1 hit, 0 errors, 1 left on base; High Point 0 - Road 0
BOTTOM OF THE 5TH
Road Warriors batting - Pitching for High Point Rockers : RHP Colin Parks
Batting: RHB Justin Moore 0-0: Ball
1-0: Ball
2-0: Foul Ball, location: 2F
2-1: Swinging Strike
2-2: Strikes out swinging
Batting: LHB Gustavo Velazquez 0-0: Ball
1-0: Swinging Strike
1-1: Ball
2-1: Swinging Strike
2-2: Ball
3-2: Foul Ball, location: 2F
3-2: Strikes out swinging
Batting: RHB William Ortiz 0-0: Ball
1-0: Called Strike
1-1: Ball
2-1: DOUBLE (Line Drive, 3D, EV 100.0 MPH)
Batting: RHB Cory Alongi 0-0: Ball
1-0: Called Strike
1-1: Ball
2-1: Ball
3-1: Ground out 5-3 (Groundball, 56S, EV 70.6 MPH)
Bottom of the 5th over - 0 runs, 1 hit, 0 errors, 1 left on base; High Point 0 - Road 0
TOP OF THE 6TH
High Point Rockers batting - Pitching for Road Warriors : LHP Willie Vela
Pitching: RHP Sandy Santiago
Batting: LHB Tony Huerta 0-0: Ball
1-0: Called Strike
1-1: Foul Ball, location: 2F
1-2: Foul Ball, location: 2F
1-2: Ball
2-2: Foul Ball, location: 2F
2-2: Ball
3-2: Ground out 5-3 (Groundball, 56, EV 86.9 MPH)
Batting: LHB Steve Ozanich 0-0: Ball
1-0: Ball
2-0: Ball
3-0: Called Strike
3-1: Base on Balls
Batting: LHB Javy Montejano 0-0: Called Strike
0-1: Called Strike
0-2: Ball
1-2: Ball
2-2: Ball
3-2: Foul Ball, location: 2F
3-2: Base on Balls
Steve Ozanich to second
Batting: RHB Raul Serrano 0-0: Ball
Wild Pitch!
Steve Ozanich to third
Javy Montejano to second
1-0: Called Strike
1-1: Ball
2-1: SINGLE (Line Drive, 9S, EV 91.9 MPH)
Steve Ozanich scores
Javy Montejano to third
Batting: RHB Gustavo Quintanilla 0-0: Ball
1-0: 3-RUN HOME RUN (Flyball, 7D, EV 110.0 MPH), Distance : 394 ft
Pitching: RHP Joe Kazor
Batting: RHB Greg Kast 0-0: Ball
1-0: Ball
2-0: Called Strike
2-1: Foul Ball, location: 2F
2-2: Foul Ball, location: 2F
2-2: Ground out 4-3 (Groundball, 4M, EV 87.5 MPH)
Batting: LHB Bill Aubrey 0-0: Foul Ball, location: 2F
0-1: Ball
1-1: Swinging Strike
1-2: Ball
2-2: Ball
3-2: Strikes out swinging
Top of the 6th over - 4 runs, 2 hits, 0 errors, 0 left on base; High Point 4 - Road 0
BOTTOM OF THE 6TH
Road Warriors batting - Pitching for High Point Rockers : RHP Colin Parks
Batting: RHB Juan Acosta 0-0: Ball
1-0: Ball
2-0: Swinging Strike
2-1: Ball
3-1: Foul Ball, location: 2F
3-2: Strikes out swinging
Batting: RHB Robert Pawley 0-0: Fly out, F8 (Flyball, 8LXD, EV 101.9 MPH)
Batting: RHB Jonathan Banks 0-0: Ball
1-0: Ball
2-0: Ball
3-0: Called Strike
3-1: Base on Balls
Batting: RHB Bernardo Ferros 0-0: Ball
1-0: Called Strike
1-1: Ball
2-1: Called Strike
2-2: Fielders Choice at 2nd, 6-4 (Groundball, 6, EV 108.1 MPH)
Bottom of the 6th over - 0 runs, 0 hits, 0 errors, 1 left on base; High Point 4 - Road 0
TOP OF THE 7TH
High Point Rockers batting - Pitching for Road Warriors : RHP Joe Kazor
Batting: RHB Joe McCoy 0-0: Ground out 6-3 (Groundball, 6, EV 85.0 MPH)
Batting: RHB Salvador Lopez 0-0: Ball
1-0: Called Strike
1-1: Called Strike
1-2: Strikes out swinging
Batting: LHB Tony Huerta 0-0: Ball
1-0: Ball
2-0: Ball
3-0: Base on Balls
Batting: LHB Steve Ozanich 0-0: Ball
1-0: Ball
2-0: Ball
3-0: Base on Balls
Tony Huerta to second
Batting: LHB Javy Montejano 0-0: Swinging Strike
0-1: Swinging Strike
0-2: Ball
1-2: Ball
2-2: Foul Ball, location: 2F
2-2: Ball
3-2: Strikes out looking
Top of the 7th over - 0 runs, 0 hits, 0 errors, 2 left on base; High Point 4 - Road 0
BOTTOM OF THE 7TH
Road Warriors batting - Pitching for High Point Rockers : RHP Colin Parks
Batting: RHB Kenny Howard 0-0: Ball
1-0: Foul Ball, location: 2F
1-1: Swinging Strike
1-2: Ball
2-2: Foul Ball, location: 2F
2-2: DOUBLE (Flyball, 78XD, EV 113.1 MPH)
Batting: RHB Justin Moore 0-0: Called Strike
0-1: Fly out, F8 (Flyball, 78XD, EV 102.5 MPH)
Runner from 2nd tags up, SAFE at 3rd, no throw by CF
Batting: LHB Gustavo Velazquez 0-0: Ground out 6-3 (Groundball, 6S, EV 81.2 MPH)
Kenny Howard scores
Batting: RHB William Ortiz 0-0: Ball
1-0: Called Strike
1-1: Swinging Strike
1-2: DOUBLE (Line Drive, 89D, EV 111.2 MPH)
Pitching: RHP Larry Dauphinais
Batting: RHB Cory Alongi 0-0: Ground out 4-3 (Groundball, 4, EV 82.5 MPH)
Bottom of the 7th over - 1 run, 2 hits, 0 errors, 1 left on base; High Point 4 - Road 1
TOP OF THE 8TH
High Point Rockers batting - Pitching for Road Warriors : RHP Joe Kazor
Batting: RHB Raul Serrano 0-0: Called Strike
0-1: Ball
1-1: Foul Ball, location: 2F
1-2: Ball
2-2: Ball
3-2: Strikes out swinging
Batting: RHB Gustavo Quintanilla 0-0: Called Strike
0-1: Ball
1-1: Ball
2-1: Swinging Strike
2-2: Strikes out swinging
Batting: RHB Greg Kast 0-0: Called Strike
0-1: Swinging Strike
0-2: Foul Ball, location: 2F
0-2: Foul Ball, location: 2F
0-2: Strikes out swinging
Top of the 8th over - 0 runs, 0 hits, 0 errors, 0 left on base; High Point 4 - Road 1
BOTTOM OF THE 8TH
Road Warriors batting - Pitching for High Point Rockers : RHP Larry Dauphinais
Batting: RHB Juan Acosta 0-0: Ball
1-0: Called Strike
1-1: Called Strike
1-2: Strikes out looking
Batting: RHB Robert Pawley 0-0: SINGLE (Groundball, 4D, EV 100.0 MPH)
Batting: RHB Jonathan Banks 0-0: Swinging Strike
0-1: Ball
1-1: Foul Ball, location: 2F
1-2: Ball
2-2: SINGLE (Line Drive, 89S, EV 87.5 MPH)
Robert Pawley to second
Runner from 2nd tries for 3rd, SAFE, no throw by RF
Batting: RHB Bernardo Ferros 0-0: Called Strike
0-1: SINGLE (Groundball, 6MD, EV 95.6 MPH)
Robert Pawley scores
Jonathan Banks to second
Batting: RHB Kenny Howard 0-0: Called Strike
0-1: Ball
1-1: Fielders Choice at 2nd, 5-4 (Groundball, 5S, EV 85.0 MPH)
Jonathan Banks to third
Batting: RHB Justin Moore 0-0: Swinging Strike
0-1: Ball
1-1: Fielders Choice at 2nd, 6-4 (Groundball, 6, EV 88.8 MPH)
Bottom of the 8th over - 1 run, 3 hits, 0 errors, 2 left on base; High Point 4 - Road 2
TOP OF THE 9TH
High Point Rockers batting - Pitching for Road Warriors : RHP Joe Kazor
Pitching: RHP Carlos Carrillo
Batting: LHB Bill Aubrey 0-0: Called Strike
0-1: Ball
1-1: Called Strike
1-2: Fly out, F7 (Flyball, 7LS, EV 73.1 MPH)
Batting: RHB Joe McCoy 0-0: Foul Ball, location: 2F
0-1: Ground out 4-3 (Groundball, 13, EV 91.2 MPH)
Batting: RHB Salvador Lopez 0-0: Swinging Strike
0-1: SINGLE (Line Drive, 4MD, EV 106.2 MPH)
Batting: LHB Tony Huerta 0-0: Ball
1-0: Called Strike
1-1: Ball
2-1: Foul Ball, location: 2F
2-2: Ball
3-2: Strikes out swinging
Top of the 9th over - 0 runs, 1 hit, 0 errors, 1 left on base; High Point 4 - Road 2
BOTTOM OF THE 9TH
Road Warriors batting - Pitching for High Point Rockers : RHP Larry Dauphinais
Pitching: RHP Isaiah Shine
Batting: LHB Gustavo Velazquez 0-0: Swinging Strike
0-1: Swinging Strike
0-2: Strikes out swinging
Batting: RHB William Ortiz 0-0: Ball
1-0: Ball
2-0: Ball
3-0: Base on Balls
Batting: RHB Cory Alongi 0-0: Foul Ball, location: 2F
0-1: Foul Ball, location: 2F
0-2: Ball
1-2: Ball
2-2: Ball
3-2: Foul Ball, location: 2F
3-2: Strikes out swinging
Pinch Hitting: RHB Manny Candelaria 0-0: Foul Ball, location: 2F
0-1: Foul Ball, location: 2F
0-2: Ball
1-2: Fly out, F8 (Flyball, 89D, EV 87.5 MPH)
Bottom of the 9th over - 0 runs, 0 hits, 0 errors, 1 left on base; High Point 4 - Road 2
Saturday, October 23rd , 2021 - OOTP Baseball 22.10 Build 79